 Dungeon Crawl Stone Soup version 0.21.0-25-ge575cb9 (webtiles) character file.

128 Mgcat the Slasher (level 5, -3/41 HPs)
             Began as a Human Berserker on Jan 24, 2018.
             Was a Believer of Trog.
             Killed from afar by an orc wizard (6 damage)
             ... with a magic dart
             ... on level 3 of the Dungeon.
             The game lasted 00:06:03 (2895 turns).

Mgcat the Slasher (Human Berserker)                 Turns: 2895, Time: 00:06:04

Health: -3/41      AC:  5    Str: 17    XL:     5   Next: 33%
Magic:  5/5        EV: 11    Int:  7    God:    Trog [**....]
Gold:   176        SH:  0    Dex: 14    Spells: 4/4 levels left

rFire    . . .     SeeInvis .   l - +0 long sword
rCold    . . .     Gourm    +   (no shield)
rNeg     . . .     Faith    .   f - +0 ring mail
rPois    .         Spirit   .   (no helmet)
rElec    .         Reflect  .   (no cloak)
rCorr    .         Harm     .   (no gloves)
MR       ++...                  (no boots)
Stlth    +.........             h - amulet of the gourmand
HPRegen  1.13/turn              (no ring)
MPRegen  0.09/turn              (no ring)

@: berserk cooldown, regenerating, slowed, very slow
A: no striking features
a: Berserk, Trog's Hand, Burn Spellbooks, Renounce Religion


You were on level 3 of the Dungeon.
You worshipped Trog.
Trog was pleased with you.
You were not hungry.

You visited 1 branch of the dungeon, and saw 3 of its levels.

You collected 176 gold pieces.

Inventory:

Hand Weapons
 l - a +0 long sword (weapon)
Armour
 b - a +0 animal skin
 f - a +0 ring mail (worn)
 o - a +0 chain mail
Jewellery
 h - an amulet of the gourmand (around neck)
Scrolls
 a - a scroll of teleportation {unknown}
 d - a scroll of identify
 e - 2 scrolls of remove curse
 g - 2 scrolls of enchant armour {unknown}
 i - 4 scrolls of magic mapping {unknown}
 k - a scroll of immolation {unknown}
 n - a scroll of fear {unknown}
Potions
 j - a potion of invisibility
 m - 2 potions of lignification {unknown}
 p - a potion of might {unknown}
Comestibles
 c - 3 rations


   Skills:
 - Level 3.0 Fighting
 + Level 5.6 Long Blades
 - Level 2.0 Armour
 - Level 2.0 Dodging


You had 4 spell levels left.
You didn't know any spells.

Dungeon Overview and Level Annotations

Branches:
Dungeon (3/15)

Altars:


Message History

The puff of flame hits you!
* * * LOW HITPOINT WARNING * * *
Unknown command.
Unknown command.
Your skin crawls.
You feel resistant to hostile enchantments.
You feel somewhat more hungry. Something hits you but does no damage.
Unknown command.
Unknown command.
Unknown command.
You hit something. Something hits you but does no damage.
You hear some strange, mumbled words.
A puff of flame appears from out of thin air!
The puff of flame hits you!
* * * LOW HITPOINT WARNING * * *
You miss something.
You hear some strange, mumbled words.
A magic dart appears from out of thin air!
The magic dart hits you!
You die...

### #.......# ..##
###......# ...##
##...#.#### ....#
####..#......#
..#.####....##......#
.....##.....##......#
####........####.####
.######.....# #.#
.#..........# #@#
.......#....# #{#
#......###### #r[#
.......# ##..#
..###### .... ..#
..... .(# ....... ..#
....... .(##########.
.......


You could see a quokka.

Vanquished Creatures
  A worker ant (D:3)
  3 adders
  2 oozes (D:3)
  3 dart slugs
  A leopard gecko (D:3)
  4 orcs (D:3)
  8 hobgoblins
  7 jackals (D:3)
  7 kobolds
  2 quokkas
  6 bats
  9 goblins
  2 rats
55 creatures vanquished.

Notes
Turn   | Place    | Note
-------+----------+-------------------------------------------
     0 | D:1      | Mgcat the Human Berserker began the quest for the Orb.
     0 | D:1      | Reached XP level 1. HP: 18/18 MP: 1/1
   328 | D:1      | Reached XP level 2. HP: 23/24 MP: 2/2
   971 | D:2      | Reached skill level 4 in Long Blades
   971 | D:2      | Reached XP level 3. HP: 24/29 MP: 3/3
  1705 | D:3      | Reached ** piety under Trog
  1710 | D:3      | Reached XP level 4. HP: 28/35 MP: 4/4
  1983 | D:3      | Reached skill level 5 in Long Blades
  2387 | D:3      | Reached XP level 5. HP: 24/41 MP: 5/5
  2894 | D:3      | HP: 1/41 [something/puff of flame (9)]
  2895 | D:3      | Killed from afar by an orc wizard

Skill      XL: |  1  2  3  4 |
---------------+-------------+-----
Long Blades    | 4 5 |  5.6
Fighting       | |  3.0
Armour         | |  2.0
Dodging        | |  2.0

Action                   |  1- 3 |  4- 6 || total
-------------------------+-------+-------++-------
Melee: Falchion          |    44 |       ||    44
       Long sword        |    37 |    94 ||   131
Invok: Berserk           |     1 |     2 ||     3
       Trog's Hand       |       |     2 ||     2
  Use: Scroll            |     2 |       ||     2
  Eat: Chunk             |     4 |     5 ||     9
       Ration            |       |     1 ||     1
Armor: Ring mail         |    41 |    40 ||    81
       Animal skin       |     1 |       ||     1
Dodge: Dodged            |    60 |    63 ||   123
       Rpst.: Falchion   |     8 |       ||     8
       Long sword        |    16 |    13 ||    29
